 Dungeon Crawl Stone Soup version 0.31-a0-187-gba352fbbf7 (webtiles) character file.

Game seed: 17270560763307916767

655 qw the Skirmisher (level 7, 0/40 HPs)
             Began as a Deep Elf Hunter on June 22, 2023.
             Slain by a gnoll sergeant
             ... wielding a +2 trident of protection
              (5 damage)
             ... on level 5 of the Dungeon.
             The game lasted 00:01:33 (3187 turns).

qw the Skirmisher (Deep Elf Hunter)                 Turns: 3187, Time: 00:01:33

Health: 0/40       AC:  8    Str:  8    XL:     7   Next: 29%
Magic:  9/9        EV: 11    Int: 16    God:
Gold:   234        SH:  0    Dex: 20    Spells: 6/6 levels left

rFire   . . .        Y - +0 shortbow
rCold   + + .        (shield currently unavailable)
rNeg    . . .        c - +1 ring mail "Uralu" {rC++ Str-2 Int+2 Dex+2}
rPois   .            (no helmet)
rElec   .            (no cloak)
rCorr   .            d - +1 pair of gloves
SInv    .            (no boots)
Will    +....        i - amulet of the acrobat
Stlth   +            j - ring of willpower
HPRegen 0.26/turn    (no ring)
MPRegen 0.11/turn

%: acrobat
@: no status effects
A: no striking features
a: no special abilities


You were on level 5 of the Dungeon.
You visited 1 branch of the dungeon, and saw 5 of its levels.

You collected 234 gold pieces.


   Skills:
 - Level 2.0 Fighting
 + Level 10.9 Ranged Weapons
 - Level 1.4 Armour
 - Level 3.1 Dodging
 - Level 1.2 Stealth


You had 6 spell levels left.
You didn't know any spells.
Your spell library was empty.

Inventory:

Hand Weapons
 Y - a +0 shortbow (weapon)
Armour
 c - the +1 ring mail "Uralu" (worn) {rC++ Str-2 Int+2 Dex+2}
   (You found it on level 3 of the Dungeon)

   Str:       It affects your strength (-2).
   Int:       It affects your intelligence (+2).
   Dex:       It affects your dexterity (+2).
   rC:        It greatly protects you from cold.
 d - a +1 pair of gloves (worn)
Jewellery
 i - an amulet of the acrobat (around neck)
 j - a ring of willpower (left hand)
Wands
 b - a wand of digging (1)
Scrolls
 a - a scroll of fear {unknown}
 g - a scroll of identify
Potions
 e - a potion of curing
 f - a potion of lignification {unknown}
 h - a potion of ambrosia {unknown}
 k - a potion of might {unknown}
 m - 2 potions of attraction {unknown}

Dungeon Overview and Level Annotations

Branches:
Dungeon (5/15)
 Temple: D:4-7

Altars:


Message History

You shoot an arrow. The arrow closely misses the gnoll.
The gnoll hits you but does no damage.
You shoot an arrow. The arrow hits the gnoll!
You kill the gnoll!
You shoot an arrow.
The arrow barely misses the gnoll sergeant.
You shoot an arrow.
The arrow barely misses the gnoll sergeant.
The gnoll sergeant barely misses you.
You shoot an arrow. The arrow hits the gnoll sergeant.
The gnoll sergeant is severely wounded.
The gnoll sergeant hits you from afar with a +2 trident of protection.
You shoot an arrow.
The arrow closely misses the gnoll sergeant.
The gnoll sergeant hits you from afar with a +2 trident of protection!
You shoot an arrow.
The arrow barely misses the gnoll sergeant.
The gnoll sergeant hits you from afar with a +2 trident of protection!
You shoot an arrow. The arrow hits the gnoll sergeant.
The gnoll sergeant is almost dead.
The gnoll sergeant closely misses you.
You shoot an arrow.
The arrow completely misses the gnoll sergeant.
The gnoll sergeant hits you but does no damage.
You shoot an arrow. The arrow hits the gnoll sergeant.
The gnoll sergeant is almost dead.
The gnoll sergeant closely misses you.
You shoot an arrow.
The arrow hits the gnoll sergeant but does no damage.
The gnoll sergeant is almost dead.
The gnoll sergeant closely misses you.
You shoot an arrow.
The arrow hits the gnoll sergeant but does no damage.
The gnoll sergeant is almost dead.
The gnoll sergeant hits you from afar with a +2 trident of protection.
You shoot an arrow.
The arrow hits the gnoll sergeant but does no damage.
The gnoll sergeant is almost dead.
The gnoll sergeant hits you from afar with a +2 trident of protection.
You die...

##.....##............
#g.)..####..##.......
......#.>..####..#.......
...). #.....#...##.......
.... #.........#..##....
..... ##.##........#.....
......#.g##.........#....
.##...)..#..#.#.#........
.......@..##.#.##.#.....
........................
......###...............
...... #..........#.....
.................###....
##................# ..
#.................. ..
...##.........##.... #. .
#.............<. ##


You could see a gnoll sergeant.

Vanquished Creatures
  A phantom (D:4)
  2 scorpions
  3 hounds (D:4)
  A jelly (D:5)
  A sleepcap (D:4)
  3 iguanas
  2 orc wizards (D:5)
  6 gnolls (D:5)
  5 adders
  An ufetubus (D:4)
  A dart slug (D:3)
  A worm (D:2)
  10 orcs
  6 endoplasms
  4 goblins
  5 hobgoblins
  4 jackals (D:4)
  6 ball pythons
  5 bats
  A frilled lizard (D:1)
  5 kobolds
  4 rats
77 creatures vanquished.

Notes
Turn   | Place    | Note
-------+----------+-------------------------------------------
     0 | D:1      | qw the Deep Elf Hunter began the quest for the Orb.
     0 | D:1      | Reached XP level 1. HP: 12/12 MP: 3/3
     0 | D:1      | 0 ||| qw: Version: 0.3-a-9-g12657ce
     0 | D:1      | 0 ||| qw: Game counter: 1966
     0 | D:1      | 0 ||| qw: Always use a shield: true
     0 | D:1      | 0 ||| qw: God list: Okawaru
     0 | D:1      | 0 ||| qw: Allow faded altars: false
     0 | D:1      | 0 ||| qw: Do Orc after D:15 true
     0 | D:1      | 0 ||| qw: Do second Lair branch before Depths: true
     0 | D:1      | 0 ||| qw: Lair rune preference: random
     0 | D:1      | 0 ||| qw: Plans: Normal
     0 | D:1      | 0 ||| PLANNING D:1-11
   352 | D:1      | Reached XP level 2. HP: 16/16 MP: 4/4
   420 | D:1      | Reached skill level 6 in Ranged Weapons
   489 | D:1      | 489 ||| UPGRADING to ring of willpower.
   490 | D:1      | 490 ||| READING scroll labelled TEIME GORULOCI.
   491 | D:1      | 491 ||| READING scroll labelled CICKEG HUANOYG.
   492 | D:1      | 492 ||| READING scroll labelled WILYRR SEUCZO.
   493 | D:1      | 493 ||| READING scroll labelled NISKAW SELYRPH.
   494 | D:1      | 494 ||| READING scroll labelled GOITEWN SYTOU.
   595 | D:1      | 595 ||| DROPPING scroll of butterflies.
  1046 | D:2      | 1046 ||| UPGRADING to +0 ring mail.
  1056 | D:2      | 1056 ||| DROPPING +0 leather armour.
  1057 | D:2      | 1057 ||| READING 2 scrolls labelled TOIZA VAASEUW.
  1060 | D:2      | 1060 ||| READING scroll labelled OPLOFYM LOLO.
  1061 | D:2      | 1061 ||| DRINKING 2 dark potions.
  1062 | D:2      | 1062 ||| DRINKING 2 fizzy clear potions.
  1125 | D:3      | Identified the +1 ring mail "Uralu" {rC++ Str-2 Int+2
                  | Dex+2}
  1247 | D:3      | Reached XP level 3. HP: 20/20 MP: 5/5
  1379 | D:3      | Reached skill level 7 in Ranged Weapons
  1433 | D:3      | HP: 5/20 [orc/+0 flail (8)]
  1434 | D:3      | 1434 ||| READING scroll of teleportation.
  1435 | D:3      | 1435 ||| DRINKING potion of heal wounds.
  1771 | D:3      | 1771 ||| UPGRADING to +1 ring mail "Uralu" {rC++ Str-2
                  | Int+2 Dex+2}.
  1781 | D:3      | 1781 ||| DROPPING +0 ring mail.
  1782 | D:3      | 1782 ||| UPGRADING to +0 pair of gloves.
  1787 | D:3      | 1787 ||| UPGRADING to amulet of the acrobat.
  1792 | D:3      | 1792 ||| READING scroll labelled CAECRUG YXOUNE.
  1793 | D:3      | 1793 ||| DRINKING 2 bubbling orange potions.
  1794 | D:3      | 1794 ||| DROPPING potion of degeneration.
  1796 | D:3      | 1796 ||| Stepping ~*~*~tactically~*~*~ (cloud).
  1796 | D:3      | HP: 5/20 [poisoned by you (poison gas)]
  1797 | D:3      | 1797 ||| DRINKING 2 potions of curing.
  1797 | D:3      | 1797 ||| (to cure poison)
  1901 | D:4      | Noticed a phantom
  1919 | D:4      | Killed a phantom
  1920 | D:4      | Reached skill level 8 in Ranged Weapons
  1920 | D:4      | Reached XP level 4. HP: 16/25 MP: 6/6
  1920 | D:4      | Reached XP level 5. HP: 19/29 MP: 7/7
  2125 | D:4      | Reached skill level 9 in Ranged Weapons
  2130 | D:4      | Reached XP level 6. HP: 19/35 MP: 8/8
  2353 | D:4      | Reached skill level 3 in Dodging
  2692 | D:4      | Identified the +3 hand axe of Arbitration {protect, MP+9
                  | Str-4 Dex+5 SInv}
  2708 | D:4      | 2708 ||| DROPPING amulet of guardian spirit.
  2709 | D:4      | 2709 ||| READING scroll labelled DOASCH GOKITIW.
  2716 | D:5      | Entered Level 5 of the Dungeon
  2719 | D:5      | Reached skill level 10 in Ranged Weapons
  2769 | D:5      | 2769 ||| Stepping ~*~*~tactically~*~*~ (outnumbered).
  2805 | D:5      | 2805 ||| DRINKING 2 potions of curing.
  2805 | D:5      | 2805 ||| (to cure confusion)
  2807 | D:5      | Reached skill level 1 in Armour
  2814 | D:5      | Reached XP level 7. HP: 25/40 MP: 9/9
  2817 | D:5      | HP: 9/40 [something/magic dart (11)]
  2818 | D:5      | 2818 ||| DRINKING 2 potions of heal wounds.
  2964 | D:5      | Noticed a two-headed ogre
  3077 | D:5      | 3077 ||| READING scroll of enchant armour.
  3077 | D:5      | 3077 ||| ENCHANTING +0 pair of gloves.
  3156 | D:5      | 3156 ||| Stepping ~*~*~tactically~*~*~ (outnumbered).
  3160 | D:5      | 3160 ||| Stepping ~*~*~tactically~*~*~ (outnumbered).
  3166 | D:5      | HP: 10/40 [gnoll sergeant/+2 trident of protection (7)]
  3167 | D:5      | 3167 ||| READING scroll of teleportation.
  3168 | D:5      | 3168 ||| DRINKING potion of heal wounds.
  3170 | D:5      | 3170 ||| FLEEEEING.
  3181 | D:5      | HP: 10/40 [gnoll sergeant/+2 trident of protection (13)]
  3186 | D:5      | HP: 5/40 [gnoll sergeant/+2 trident of protection (6)]
  3187 | D:5      | Slain by a gnoll sergeant

Levels and vault maps discovered:
D:1:      scummos_arrival_checkerplants, layout_basic
D:2:      layout_rooms
D:3:      layout_loops_ring, hangedman_decor_diamond_cutter,
          nicolae_figureground_pulse
D:4:      layout_basic, hangedman_abyss_or_decor_stagger
D:5:      layout_cave_pools, marbit_many_paths, lightli_corner_chamber

Skill      XL: |  1  2  3  4  5  6 |
---------------+-------------------+-----
Ranged Weapons | 6 8 9 10 | 10.9
Fighting       | 2 |  2.0
Dodging        | 3 |  3.1
Armour         | 1 |  1.4
Stealth        | |  1.2

Action                     |  1- 3 |  4- 6 |  7- 9 || total
---------------------------+-------+-------+-------++-------
   Fire: Shortbow          |   124 |   121 |    63 ||   308
    Use: Scroll            |     9 |     1 |     2 ||    12
         Potion            |     5 |     1 |     2 ||     8
 Armour: Leather armour    |     4 |       |       ||     4
         Ring mail         |     6 |    30 |    13 ||    49
  Dodge: Dodged            |    35 |    42 |    21 ||    98

Table legend:
 A = Non-vault XP
 B = Vault XP
 C = Vault XP percentage of total XP
 D = Non-vault monster count
 E = Vault monster count
 F = Vault count percentage of total count
                 A         B        C        D         E       F
            +---------+---------+-------+---------+---------+-------
      Total |     937 |       0 |   0.0 |      77 |       0 |   0.0
            +---------+---------+-------+---------+---------+-------
        D:1 |      14 |       0 |   0.0 |       9 |       0 |   0.0
        D:2 |      22 |       0 |   0.0 |      12 |       0 |   0.0
        D:3 |      53 |       0 |   0.0 |      13 |       0 |   0.0
        D:4 |     477 |       0 |   0.0 |      27 |       0 |   0.0
        D:5 |     371 |       0 |   0.0 |      16 |       0 |   0.0
            +---------+---------+-------+---------+---------+-------
